Map: Stasis LE

Players

Odin - Winner!

  • Race: Protoss Protoss
  • Spawn Location: 11:00

A.I. 1 (Elite)

  • Race: Protoss Protoss
  • Spawn Location: 1:00

VOD

Have the link to the VOD?

Description

Time

  • Played on: Dec. 20, 2018, 6:52 a.m.
  • Length: 25:54
Show
View Real Time Build Order
Export as new Build Order

Odin Protoss - Winner!

Build Orders:  

Get SALT Encoding   

  12  0:01  Probe  
  13  0:09  Probe  
  14  0:21  Pylon  
  14  0:36  Probe  
  15  0:47  Gateway  
  15  1:00  Probe  
  15  1:02  Assimilator  
  16  1:07  Assimilator  
  16  1:16  Probe  
  17  1:19  Gateway  
  17  1:24  Probe  
  17  1:31  Assimilator  
  18  1:32  Probe  
  19  1:41  Cybernetics Core  
  19  1:44  Probe  
  20  1:50  Pylon  
  20  1:57  Probe  
  21  2:07  Warp Gate  
  21  2:09  Probe  
  22  2:20  Adept x2  
  26  2:26  Probe  
  27  2:35  Robotics Facility  
  27  3:28  Immortal  
  27  3:33  Pylon  
  31  3:41  Stalker  
  31  3:46  Pylon  
  31  3:48  Pylon  
  31  3:50  Pylon  
  31  3:51  Stalker  
  31  3:52  Pylon  
  33  3:56  Probe  
  33  3:58  Pylon  
  34  4:10  Immortal  
  38  4:18  Shield Battery  
  38  4:20  Sentry  
  40  4:51  Immortal  
  40  4:52  Sentry x2  
  48  4:57  Gateway  
  48  5:00  Shield Battery  
  48  5:20  Sentry x2  
  46  5:47  Sentry x2  
  50  5:54  Zealot  
  52  6:10  Stalker x2  
  56  6:18  Shield Battery  
  56  6:20  Shield Battery x2  
  56  6:22  Shield Battery  
  56  6:24  Shield Battery  
  56  6:39  Immortal  
  60  7:53  Gateway  
  60  7:55  Gateway  
  60  7:59  Gateway  
  60  8:02  Gateway, Pylon  
  60  8:05  Gateway  
  60  8:07  Gateway  
  60  8:16  Nexus  
  60  8:18  Assimilator  
  60  8:22  Assimilator  
  60  8:24  Pylon  
  60  8:48  Shield Battery  
  60  8:49  Immortal  
  64  9:10  Stargate  
  64  9:13  Stargate  
  64  9:17  Probe  
  65  9:29  Probe  
  66  9:35  Shield Battery  
  66  9:38  Gateway  
  66  9:40  Probe  
  67  10:04  Probe x2  
  69  10:33  Probe  
  70  10:36  Probe  
  70  10:39  Nexus  
  70  10:41  Assimilator  
  70  10:42  Assimilator  
  65  11:29  Probe x2  
  67  11:33  Sentry  
  67  11:34  Sentry x3  
  75  11:40  Immortal  
  75  11:41  Probe x2  
  81  11:53  Probe  
  82  11:57  Probe x2  
  84  12:05  Probe  
  85  12:09  Probe  
  85  12:10  Probe  
  87  12:20  Immortal  
  91  12:30  Probe x2  
  91  12:31  Probe  
  91  12:35  Pylon  
  94  12:58  Warp Prism  
  94  13:05  Twilight Council  
  96  13:10  Pylon x2  
  96  13:12  Pylon  
  96  13:15  Probe  
  96  13:16  Probe x2  
  99  13:22  Stargate  
  99  13:24  Stargate  
  99  13:28  Probe x3  
  102  13:40  Probe x3  
  105  14:09  Charge  
  105  14:16  Phoenix x2  
  109  14:17  Phoenix x2  
  113  14:45  Templar Archives, Phoenix x4  
  121  15:03  Sentry  
  121  15:15  Phoenix x4  
  129  15:40  Phoenix x4  
  137  15:47  Nexus  
  137  15:51  Assimilator  
  137  15:55  Assimilator  
  137  16:01  Nexus  
  137  16:05  Assimilator, Phoenix x4  
  137  16:07  Assimilator  
  145  16:23  Nexus  
  145  16:26  Assimilator  
  145  16:28  Observer  
  145  16:30  Assimilator  
  146  16:49  Nexus  
  146  16:51  Assimilator  
  146  16:55  Assimilator  
  146  17:31  High Templar x3  
  146  17:32  High Templar  
  146  17:35  High Templar x2  
  158  17:39  High Templar x2  
  162  17:55  Probe x3  
  162  17:56  Probe x3  
  168  18:01  Probe  
  169  18:07  Probe x2  
  169  18:08  Probe x4  
  175  18:13  Probe  
  175  18:19  Probe x2  
  178  18:20  Probe x4  
  178  18:25  Probe  
  183  18:31  Probe  
  183  18:32  Probe x3  
  187  19:55  Sentry x2  
  187  19:56  Sentry x2  
  187  19:57  Sentry x2  
  199  20:09  Psionic Storm  
  199  22:27  Phoenix  
  199  22:29  Phoenix  
  199  22:30  Phoenix  
  199  22:31  Phoenix x8  
  199  22:32  Phoenix  
  199  22:33  Phoenix x3  
  199  22:34  Phoenix x5  
  199  22:35  Phoenix x5  
  199  22:36  Phoenix x2  
  199  23:23  Observer  
  200  24:25  Archon x3  
  200  24:26  Archon  
Show
View Real Time Build Order
Export as new Build Order

A.I. 1 (Elite) Protoss 

Build Orders: Blink Stalkers 

Get SALT Encoding   

  12  0:00  Probe  
  13  0:13  Probe  
  14  0:21  Pylon  
  14  0:25  Probe  
  15  0:35  Probe  
  16  0:43  Probe  
  16  0:48  Assimilator  
  17  0:51  Gateway  
  17  0:52  Probe  
  18  1:00  Probe  
  18  1:02  Pylon  
  18  1:08  Probe  
  20  1:20  Probe  
  21  1:37  Probe  
  21  1:39  Zealot  
  24  1:49  Probe  
  25  1:55  Cybernetics Core  
  25  1:57  Probe  
  25  2:05  Probe, Pylon  
  27  2:27  Gateway, Probe  
  28  2:31  Stalker  
  28  2:34  Warp Gate  
  30  2:37  Twilight Council  
  30  2:40  Probe  
  31  2:50  Assimilator  
  31  2:52  Stalker  
  31  2:56  Gateway  
  33  3:11  Pylon  
  33  3:22  Blink  
  33  3:29  Probe  
  34  3:37  Zealot, Stalker  
  36  3:41  Probe  
  36  3:43  Stalker  
  39  3:58  Pylon  
  39  4:04  Stalker  
  39  4:07  Stalker  
  39  4:09  Stalker  
  45  4:20  Pylon  
  45  4:29  Nexus  
  43  4:41  Adept  
  43  4:45  Adept  
  43  4:47  Zealot  
  45  5:02  Zealot  
  45  5:03  Templar Archives  
  46  5:17  Zealot  
  46  5:32  Zealot  
  46  5:34  Zealot  
  44  5:37  Zealot  
  34  5:49  High Templar  
  34  5:58  High Templar  
  34  6:01  Zealot  
  28  6:19  Zealot  
  28  6:31  Zealot  
  28  7:01  Pylon  
  28  7:03  Pylon  
  28  7:29  Gateway  
  28  7:32  Pylon  
  28  7:54  Pylon  
  28  7:59  Assimilator  
  28  8:18  Cybernetics Core  
  28  8:22  Zealot  
  28  8:23  Gateway  
  30  8:36  Zealot  
  32  8:54  Probe  
  33  8:57  Adept, Twilight Council  
  35  9:04  Pylon  
  35  9:06  Probe  
  36  9:16  Stalker  
  38  9:18  Probe  
  39  9:33  Probe, Stalker  
  39  9:34  Templar Archives  
  42  9:42  Stalker  
  44  9:56  Pylon, Stalker  
  46  10:06  Probe  
  47  10:10  Gateway  
  47  10:13  High Templar  
  49  10:19  High Templar  
  51  10:28  Probe, Archon  
  51  10:34  Pylon  
  52  10:40  Sentry  
  53  10:51  Adept  
  55  10:58  High Templar  
  55  11:04  Zealot  
  47  11:11  High Templar  
  47  11:24  Zealot  
  37  11:31  Adept  
  39  11:41  Nexus  
  39  11:43  High Templar  
  39  11:45  Zealot  
  42  12:10  High Templar  
  44  12:18  Archon  
  44  12:38  High Templar  
  46  13:05  High Templar  
  46  13:10  Archon  
  48  13:15  Zealot  
  50  13:34  High Templar  
  52  14:01  High Templar  
  54  14:10  Stalker  
  54  14:12  Zealot  
  58  14:18  Archon  
  48  14:37  High Templar  
  49  14:50  Zealot  
  49  14:51  Zealot  
  42  14:57  Nexus  
  25  15:06  High Templar  
  22  15:10  Adept  
  24  15:19  Stalker  
  24  15:21  Archon  
  26  16:01  High Templar  
  18  16:41  Zealot  
  18  16:43  Probe  
  16  16:50  Probe  
  15  16:55  Probe  
  14  17:02  Probe  
  14  17:07  Probe  
  11  17:17  Probe  
  11  17:20  Probe  
  12  17:36  Zealot  
  14  17:54  High Templar  
  16  18:22  Adept  
  16  18:26  Zealot  
  18  18:47  Zealot  
  20  18:59  Zealot  
  20  19:01  High Templar  
  18  19:05  Zealot  
  18  19:06  Probe  
  12  19:13  Probe  
  11  19:18  Probe  
  11  19:19  Zealot  
  11  19:26  Probe  
  11  19:31  Probe  
  12  19:38  Probe  
  12  19:45  Probe  
  12  19:58  Zealot  
  14  20:12  Zealot  
  14  20:17  Probe  
  12  20:25  Probe  
  12  20:26  Probe  
  12  20:34  Probe  
  6  20:44  Probe  
  4  21:01  Probe  
  4  21:53  Probe  
  1  22:53  High Templar  
Tags
 
Composition
Blink Stalkers
Matchup
PvP
Spawn Locations
Close Positions
Add a new tag
Caveats
  • Supply blocks, unpowered buildings, or Contaminate may cause inaccurate times.
  • Supply counts are checked every 10 seconds.